cohdb
Replays
Latest Replays
All Replays
Popular Replays
Top Player Replays
Match Explorer
How It Works
Community
CoH3 Stats
Reddit
Sign in to upload your games and track your stats! →
Sign in with Steam
Match 43134108
Unlisted
Match 43134108
Overview
Messages
Build Orders
End
Construct Section Command Post
Dingo Light Scout Car
Selects Air and Sea Battlegroup
Vickers Machine Gun Team
Infantry Section
Infantry Section
Construct Platoon Command Post
Humber Armored Car
Selects Supply Surplus
Construct Resource Cache
Construct Resource Cache
Construct Resource Cache
Selects Commando Section Paradrop
Selects Commando Support Section Paradrop
Commando Support Section Paradrop
Construct Company Command Post
Crusader II Medium Tank
Crusader II Medium Tank
Crusader II Medium Tank
Armored Vehicle Training
Selects Incendiary Bombing Run
Royal Engineer Section
Commando Section Paradrop
Incendiary Bombing Run
Crusader II Medium Tank
Selects UNKNOWN (223837)
Crusader II Medium Tank
Incendiary Bombing Run
Selects Assault Flares
Assault Flares
Royal Engineer Section
Royal Engineer Section
Incendiary Bombing Run
Crusader II Medium Tank
Crusader II Medium Tank
Assault Flares
Crusader II Medium Tank
Incendiary Bombing Run
Commando Section Paradrop
Commando Support Section Paradrop
Crusader II Medium Tank
Incendiary Bombing Run
[DeanOfBao]hokkskyc
RPZWolf
MainAcrobat
Purple Cross
DaRtH VaDeRX2020
Not Perfect
majintal excumuration
I scream
0
0
Comments
sign in to comment!
No comments posted yet!